TOP OF THE 1ST |
Anaheim Angels batting - Pitching for Seattle Mariners : RHP Jeff D'Amico
|
Pitching: RHP Jeff D'Amico
|
|
Batting: RHB Ian Kinsler
|
0-0: Ball 1-0: Swinging Strike 1-1: Ball 2-1: Foul Ball, location: 25F 2-2: Foul Ball, location: 2F 2-2: Strikes out looking
|
Batting: RHB Billy Butler
|
0-0: Ball 1-0: Foul Ball, location: 9LSF 1-1: Ball 2-1: Called Strike 2-2: Strikes out swinging, 2-3 out at first.
|
Batting: RHB Isrrael Osorio
|
0-0: SOLO HOME RUN (Flyball, 7D, EV 95.6 MPH), Distance : 367 ft
|
Batting: LHB Miguel Valenzuela
|
0-0: Called Strike 0-1: Called Strike 0-2: Fly out, F7 (Line Drive, 7D, EV 93.8 MPH)
|
Top of the 1st over - 1 run, 1 hit, 0 errors, 0 left on base; Anaheim 1 - Seattle 0 |
BOTTOM OF THE 1ST |
Seattle Mariners batting - Pitching for Anaheim Angels : LHP Mario Pena
|
Pitching: LHP Mario Pena
|
|
Batting: RHB DJ LeMahieu
|
0-0: Ball 1-0: Ball 2-0: Ball 3-0: Base on Balls
|
Batting: RHB Jamie D'Antona
|
0-0: Swinging Strike 0-1: Ball 1-1: SINGLE (Line Drive, 7S, EV 101.3 MPH) DJ LeMahieu to second
|
Batting: RHB Ryan Thompson
|
0-0: Ground out 3-1 (Groundball, 13, EV 93.1 MPH) DJ LeMahieu to third Jamie D'Antona to second
|
Batting: RHB Nelson Cruz
|
0-0: Called Strike 0-1: SINGLE (Line Drive, 8LS, EV 111.3 MPH) DJ LeMahieu scores Jamie D'Antona to third Runner from 3rd tries for Home, SAFE, throw by CF to home
|
Batting: RHB Melvin Heredia
|
0-0: Ball 1-0: SINGLE (Line Drive, 89S, EV 93.8 MPH) Nelson Cruz to second Runner from 2nd tries for 3rd, SAFE, throw by CF made to third
|
Batting: LHB David Rosario
|
0-0: Called Strike 0-1: Ball 1-1: Ball 2-1: Foul Ball, location: 2F 2-2: Ground out 4-3 (Groundball, 13, EV 78.1 MPH) Nelson Cruz scores Melvin Heredia to second
|
Batting: RHB Mike Sweeney
|
0-0: Ball 1-0: Ball 2-0: Foul Ball, location: 9LSF 2-1: Ball 3-1: Base on Balls
|
Batting: SHB Erick Aybar
|
0-0: Ball 1-0: Called Strike 1-1: Swinging Strike 1-2: Ball 2-2: Fly out, F9 (Line Drive, 9, EV 89.4 MPH)
|
Bottom of the 1st over - 3 runs, 3 hits, 0 errors, 2 left on base; Anaheim 1 - Seattle 3 |
TOP OF THE 2ND |
Anaheim Angels batting - Pitching for Seattle Mariners : RHP Jeff D'Amico
|
Batting: LHB Chris Testa
|
0-0: Swinging Strike 0-1: Ball 1-1: Foul Ball, location: 3DF 1-2: Strikes out looking
|
Batting: RHB Victor Cancino
|
0-0: Fly out, F8 (Flyball, 8RM, EV 93.8 MPH)
|
Batting: RHB Carlos Alarcon
|
0-0: Ball 1-0: Called Strike 1-1: Foul Ball, location: 9LDF 1-2: Strikes out looking
|
Top of the 2nd over - 0 runs, 0 hits, 0 errors, 0 left on base; Anaheim 1 - Seattle 3 |
BOTTOM OF THE 2ND |
Seattle Mariners batting - Pitching for Anaheim Angels : LHP Mario Pena
|
Batting: RHB J.T. Realmuto
|
0-0: Foul Ball, location: 2F 0-1: Fly out, F8 (Flyball, 89D, EV 97.5 MPH)
|
Batting: RHB DJ LeMahieu
|
0-0: Foul Ball, location: 7LSF 0-1: Ground out 2-3 (Groundball, 13S, EV 68.8 MPH)
|
Batting: RHB Jamie D'Antona
|
0-0: Swinging Strike 0-1: Ball 1-1: Called Strike 1-2: Fly out, F9 (Flyball, 9S, EV 89.4 MPH)
|
Bottom of the 2nd over - 0 runs, 0 hits, 0 errors, 0 left on base; Anaheim 1 - Seattle 3 |
TOP OF THE 3RD |
Anaheim Angels batting - Pitching for Seattle Mariners : RHP Jeff D'Amico
|
Batting: RHB Paul Konerko
|
0-0: Called Strike 0-1: Called Strike 0-2: Ball 1-2: Ball 2-2: Ball 3-2: Base on Balls
|
Batting: RHB Jake Marisnick
|
0-0: Ball 1-0: Sac Bunt to 2R - play at second, runner OUT! 2-6
|
Batting: RHB Ian Kinsler
|
0-0: Called Strike 0-1: Foul Ball, location: 25F 0-2: Strikes out swinging
|
Batting: RHB Billy Butler
|
0-0: Called Strike Jake Marisnick steals 2nd base 0-1: Ball 1-1: Foul Ball, location: 2F 1-2: Ground out U3 (Groundball, 3L, EV 105.6 MPH)
|
Top of the 3rd over - 0 runs, 0 hits, 0 errors, 1 left on base; Anaheim 1 - Seattle 3 |
BOTTOM OF THE 3RD |
Seattle Mariners batting - Pitching for Anaheim Angels : LHP Mario Pena
|
Batting: RHB Ryan Thompson
|
0-0: Ball 1-0: Called Strike 1-1: Ball 2-1: Foul Ball, location: 3FF 2-2: Ground out 6-3 (Groundball, 6, EV 82.5 MPH)
|
Batting: RHB Nelson Cruz
|
0-0: Called Strike 0-1: Swinging Strike 0-2: Strikes out swinging
|
Batting: RHB Melvin Heredia
|
0-0: Foul Ball, location: 5F 0-1: Ball 1-1: Ball 2-1: Called Strike 2-2: SINGLE (Line Drive, 4MD, EV 95.6 MPH)
|
Batting: LHB David Rosario
|
0-0: Fly out, F8 (Line Drive, 89M, EV 88.8 MPH)
|
Bottom of the 3rd over - 0 runs, 1 hit, 0 errors, 1 left on base; Anaheim 1 - Seattle 3 |
TOP OF THE 4TH |
Anaheim Angels batting - Pitching for Seattle Mariners : RHP Jeff D'Amico
|
Batting: RHB Isrrael Osorio
|
0-0: Called Strike 0-1: Ball 1-1: Called Strike 1-2: SINGLE (Groundball, 34D, EV 106.3 MPH)
|
Batting: LHB Miguel Valenzuela
|
0-0: Swinging Strike 0-1: Ball 1-1: Ball 2-1: Called Strike 2-2: Strikes out swinging
|
Batting: LHB Chris Testa
|
0-0: Foul Ball, location: 2F 0-1: Called Strike Isrrael Osorio steals 2nd base (no throw) 0-2: Foul Ball, location: 3F 0-2: Ball 1-2: Ground out 4-3 (Groundball, 4, EV 90.6 MPH) Isrrael Osorio to third
|
Batting: RHB Victor Cancino
|
0-0: Called Strike 0-1: Ball 1-1: Ball 2-1: Swinging Strike 2-2: 2-RUN HOME RUN (Flyball, 9D, EV 101.3 MPH), Distance : 377 ft
|
Batting: RHB Carlos Alarcon
|
0-0: Called Strike 0-1: Called Strike 0-2: Ground out 6-3 (Groundball, 6, EV 80.6 MPH)
|
Top of the 4th over - 2 runs, 2 hits, 0 errors, 0 left on base; Anaheim 3 - Seattle 3 |
BOTTOM OF THE 4TH |
Seattle Mariners batting - Pitching for Anaheim Angels : LHP Mario Pena
|
Batting: RHB Mike Sweeney
|
0-0: Called Strike 0-1: Ball 1-1: Ball 2-1: Foul Ball, location: 3FF 2-2: Foul Ball, location: 5F, Error on foul ball, E5 2-2: Fly out, F8 (Flyball, 8LD, EV 99.4 MPH)
|
Batting: SHB Erick Aybar
|
0-0: Called Strike 0-1: Ground out 5-3 (Groundball, 56, EV 107.5 MPH)
|
Batting: RHB J.T. Realmuto
|
0-0: Ground out 6-3 (Groundball, 6, EV 106.3 MPH)
|
Bottom of the 4th over - 0 runs, 0 hits, 1 error, 0 left on base; Anaheim 3 - Seattle 3 |
TOP OF THE 5TH |
Anaheim Angels batting - Pitching for Seattle Mariners : RHP Jeff D'Amico
|
Batting: RHB Paul Konerko
|
0-0: Ball 1-0: Called Strike 1-1: Ground out 5-3 (Groundball, 56, EV 88.1 MPH)
|
Batting: RHB Jake Marisnick
|
0-0: Called Strike 0-1: Hit by Pitch
|
Batting: RHB Ian Kinsler
|
0-0: Ball Jake Marisnick steals 2nd base 1-0: SINGLE (Groundball, 6S, EV 66.3 MPH) (infield hit) Jake Marisnick to third
|
Batting: RHB Billy Butler
|
0-0: Called Strike 0-1: Ground out 6-3 (Groundball, 56, EV 94.4 MPH) Jake Marisnick scores Ian Kinsler to second
|
Batting: RHB Isrrael Osorio
|
0-0: Ground out 1-3 (Groundball, P, EV 69.4 MPH)
|
Top of the 5th over - 1 run, 1 hit, 0 errors, 1 left on base; Anaheim 4 - Seattle 3 |
BOTTOM OF THE 5TH |
Seattle Mariners batting - Pitching for Anaheim Angels : LHP Mario Pena
|
Pitching: RHP Nick Struck
|
|
Batting: RHB DJ LeMahieu
|
0-0: Swinging Strike 0-1: Ball 1-1: Ball 2-1: Called Strike 2-2: Fly out, F8 (Flyball, 8LD, EV 107.5 MPH)
|
Batting: RHB Jamie D'Antona
|
0-0: Called Strike 0-1: Ground out 6-3 (Groundball, 6, EV 101.9 MPH)
|
Batting: RHB Ryan Thompson
|
0-0: Ball 1-0: Called Strike 1-1: Swinging Strike 1-2: Ball 2-2: Foul Ball, location: 25FF 2-2: Ball 3-2: Foul Ball, location: 2F 3-2: SOLO HOME RUN (Flyball, 8RXD, EV 110.0 MPH), Distance : 424 ft
|
Batting: RHB Nelson Cruz
|
0-0: Ball 1-0: SINGLE (Line Drive, 89S, EV 94.4 MPH)
|
Batting: RHB Melvin Heredia
|
0-0: Ball 1-0: Ball Nelson Cruz is caught stealing 2nd base 2-4
|
Bottom of the 5th over - 1 run, 2 hits, 0 errors, 0 left on base; Anaheim 4 - Seattle 4 |
TOP OF THE 6TH |
Anaheim Angels batting - Pitching for Seattle Mariners : RHP Jeff D'Amico
|
Batting: LHB Miguel Valenzuela
|
0-0: Called Strike 0-1: Ball 1-1: Called Strike 1-2: Ground out 2-3 (Groundball, 13S, EV 68.1 MPH)
|
Batting: LHB Chris Testa
|
0-0: Ball 1-0: Ball 2-0: Ball 3-0: Base on Balls
|
Batting: RHB Victor Cancino
|
0-0: Ball 1-0: Foul Ball, location: 3DF 1-1: Foul Ball, location: 9LSF 1-2: Fielders Choice at 2nd, 4-6 (Groundball, 4, EV 101.9 MPH)
|
Batting: RHB Carlos Alarcon
|
0-0: Ball Victor Cancino is caught stealing 2nd base 2-4
|
Top of the 6th over - 0 runs, 0 hits, 0 errors, 0 left on base; Anaheim 4 - Seattle 4 |
BOTTOM OF THE 6TH |
Seattle Mariners batting - Pitching for Anaheim Angels : RHP Nick Struck
|
Batting: RHB Melvin Heredia
|
0-0: Ball 1-0: Ground out 3-1 (Groundball, 3D, EV 103.1 MPH)
|
Batting: LHB David Rosario
|
0-0: Ground out 6-3 (Groundball, 6, EV 107.5 MPH)
|
Batting: RHB Mike Sweeney
|
0-0: Ball 1-0: Ball 2-0: Fly out, F9 (Flyball, 8RM, EV 80.0 MPH)
|
Bottom of the 6th over - 0 runs, 0 hits, 0 errors, 0 left on base; Anaheim 4 - Seattle 4 |
TOP OF THE 7TH |
Anaheim Angels batting - Pitching for Seattle Mariners : RHP Jeff D'Amico
|
Pinch Hitting: SHB Carlos Beltran
|
0-0: Foul Ball, location: 7LSF 0-1: Swinging Strike 0-2: Ball 1-2: Strikes out swinging
|
Batting: RHB Paul Konerko
|
0-0: Ball 1-0: Called Strike 1-1: Foul Ball, location: 2F 1-2: Foul Ball, location: 23F 1-2: Ball 2-2: Ball 3-2: SINGLE (Groundball, 4MD, EV 99.4 MPH)
|
Pinch Hitting: LHB Alonso Furio
|
0-0: SINGLE (Groundball, 34D, EV 103.8 MPH) Paul Konerko to second
|
Batting: RHB Ian Kinsler
|
0-0: Ball 1-0: Called Strike 1-1: Ball 2-1: Ball 3-1: Base on Balls Paul Konerko to third Alonso Furio to second
|
Pitching: LHP Bryan Withers
|
|
Batting: RHB Billy Butler
|
0-0: Called Strike 0-1: SINGLE (Groundball, 34D, EV 108.8 MPH) Paul Konerko scores Alonso Furio to third Ian Kinsler to second Runner from 3rd tries for Home, SAFE, throw by RF to home Ian Kinsler to third Billy Butler to second
|
Batting: RHB Isrrael Osorio
|
0-0: Intentional Walk
|
Batting: LHB Miguel Valenzuela
|
0-0: Ball 1-0: Foul Ball, location: 2LF 1-1: Ball 2-1: Foul Ball, location: 7LSF 2-2: Foul Ball, location: 2RF 2-2: Grounds into fielders choice 5-2 (Groundball, 5, EV 109.4 MPH) Billy Butler to third Isrrael Osorio to second
|
Batting: LHB Chris Testa
|
0-0: Called Strike 0-1: Ball 1-1: Fielders Choice at 2nd, U6 (Groundball, 6M, EV 85.6 MPH)
|
Top of the 7th over - 2 runs, 3 hits, 0 errors, 3 left on base; Anaheim 6 - Seattle 4 |
BOTTOM OF THE 7TH |
Seattle Mariners batting - Pitching for Anaheim Angels : RHP Nick Struck
|
Pitching: RHP Brandon Lyon
|
|
Now at SS: Alonso Furio
|
|
Now in CF: Carlos Beltran
|
|
Batting: SHB Erick Aybar
|
0-0: Foul Ball, location: 5F 0-1: Swinging Strike 0-2: Ball 1-2: Strikes out swinging
|
Batting: RHB J.T. Realmuto
|
0-0: Swinging Strike 0-1: Foul Ball, location: 9LMF 0-2: Ball 1-2: Strikes out swinging
|
Batting: RHB DJ LeMahieu
|
0-0: Ball 1-0: Ball 2-0: Swinging Strike 2-1: Foul Ball, location: 9LMF 2-2: Foul Ball, location: 9LMF 2-2: Strikes out swinging
|
Bottom of the 7th over - 0 runs, 0 hits, 0 errors, 0 left on base; Anaheim 6 - Seattle 4 |
TOP OF THE 8TH |
Anaheim Angels batting - Pitching for Seattle Mariners : LHP Bryan Withers
|
Pitching: RHP Gil Meche
|
|
Batting: RHB Victor Cancino
|
0-0: Ball 1-0: Ball 2-0: Foul Ball, location: 2F 2-1: Foul Ball, location: 5FF 2-2: Strikes out swinging
|
Batting: SHB Carlos Beltran
|
0-0: Ball 1-0: Ball 2-0: Called Strike 2-1: Ball 3-1: Foul Ball, location: 5FF 3-2: Foul Ball, location: 9LDF 3-2: Base on Balls
|
Batting: RHB Paul Konerko
|
0-0: Ball 1-0: Ball 2-0: Ball 3-0: Base on Balls Carlos Beltran to second
|
Batting: LHB Alonso Furio
|
0-0: Called Strike 0-1: Ball 1-1: Ball 2-1: Ball 3-1: Fly out, F7 (Flyball, 7D, EV 105.6 MPH) Runner from 2nd tags up, SAFE at 3rd, no throw by LF
|
Batting: RHB Ian Kinsler
|
0-0: Called Strike 0-1: Fielders Choice at 2nd, U6 (Groundball, 6M, EV 83.8 MPH)
|
Top of the 8th over - 0 runs, 0 hits, 0 errors, 2 left on base; Anaheim 6 - Seattle 4 |
BOTTOM OF THE 8TH |
Seattle Mariners batting - Pitching for Anaheim Angels : RHP Brandon Lyon
|
Pitching: RHP Ruben Borguez
|
|
Batting: RHB Jamie D'Antona
|
0-0: Called Strike 0-1: Foul Ball, location: 2F 0-2: Ball 1-2: Strikes out swinging
|
Batting: RHB Ryan Thompson
|
0-0: Fly out, F8 (Flyball, 8RM, EV 91.9 MPH)
|
Batting: RHB Nelson Cruz
|
0-0: Called Strike 0-1: Called Strike 0-2: Ball 1-2: Ground out 6-3 (Groundball, 6, EV 87.5 MPH)
|
Bottom of the 8th over - 0 runs, 0 hits, 0 errors, 0 left on base; Anaheim 6 - Seattle 4 |
TOP OF THE 9TH |
Anaheim Angels batting - Pitching for Seattle Mariners : RHP Gil Meche
|
Pitching: RHP Ramiro Ortiz
|
|
Batting: RHB Billy Butler
|
0-0: Swinging Strike 0-1: Called Strike 0-2: Fly out, F9 (Flyball, 89S, EV 84.4 MPH)
|
Batting: RHB Isrrael Osorio
|
0-0: Ball 1-0: Called Strike 1-1: Fly out, F4 (Popup, 34S, EV 86.3 MPH)
|
Batting: LHB Miguel Valenzuela
|
0-0: Ball 1-0: Ball 2-0: Ball 3-0: Base on Balls
|
Batting: LHB Chris Testa
|
0-0: SINGLE (Line Drive, 89M, EV 99.4 MPH) Miguel Valenzuela to second Runner from 2nd tries for 3rd, SAFE, throw by RF made to third Chris Testa to second
|
Batting: RHB Victor Cancino
|
0-0: Ball 1-0: Ball 2-0: Foul Ball, location: 2F 2-1: Called Strike 2-2: Ball 3-2: Base on Balls
|
Batting: SHB Carlos Beltran
|
0-0: Called Strike 0-1: Fielders Choice at 2nd, 5-4 (Groundball, 56, EV 104.4 MPH)
|
Top of the 9th over - 0 runs, 1 hit, 0 errors, 3 left on base; Anaheim 6 - Seattle 4 |
BOTTOM OF THE 9TH |
Seattle Mariners batting - Pitching for Anaheim Angels : RHP Ruben Borguez
|
Pitching: RHP Allan Simpson
|
|
Batting: RHB Melvin Heredia
|
0-0: Called Strike 0-1: Ground out 6-3 (Groundball, 6, EV 89.4 MPH)
|
Batting: LHB David Rosario
|
0-0: Called Strike 0-1: Swinging Strike 0-2: Ball 1-2: Foul Ball, location: 7LSF 1-2: Ground out 5-3 (Groundball, 56, EV 101.9 MPH)
|
Batting: RHB Mike Sweeney
|
0-0: Foul Ball, location: 2F 0-1: Ball 1-1: Foul Ball, location: 2F 1-2: Ball 2-2: Foul Ball, location: 2F 2-2: Foul Ball, location: 5SF 2-2: Foul Ball, location: 2F 2-2: Foul Ball, location: 5SF 2-2: SINGLE (Groundball, 6MD, EV 100.0 MPH)
|
Batting: SHB Erick Aybar
|
0-0: Fielders Choice at 2nd, 5-4 (Groundball, 56, EV 93.8 MPH)
|
Bottom of the 9th over - 0 runs, 1 hit, 0 errors, 1 left on base; Anaheim 6 - Seattle 4 |
|